 Dungeon Crawl Stone Soup version 0.21.0 (webtiles) character file.

53 tidbits the Sneak (level 3, 1/14 HPs)
             Began as a Felid Air Elementalist on Jan 7, 2018.
             Quit the game on level 2 of the Dungeon.
             The game lasted 00:06:21 (672 turns).

tidbits the Sneak (Felid Air Elementalist)           Turns: 672, Time: 00:06:21

Health: 1/14       AC:  1    Str:  5    XL:     3   Next: 64%
Magic:  4/7        EV: 18    Int: 21    God:
Gold:   87         SH:  0    Dex: 16    Spells: 5/6 levels left
                                        Lives:  0   Deaths: 0

rFire    . . .     SeeInvis +     - Unarmed
rCold    . . .     Gourm    .   (shield unavailable)
rNeg     . . .     Faith    .   (armour unavailable)
rPois    .         Spirit   .   (helmet unavailable)
rElec    .         Reflect  .   (cloak unavailable)
rCorr    .         Harm     .   (gloves unavailable)
MR       .....                  (boots unavailable)
Stlth    +++.......             (no amulet)
HPRegen  0.04/turn              (no ring)
MPRegen  0.10/turn              (no ring)

@: brilliant, lethally poisoned (1 -> -7), berserk cooldown, hasted and slowed,
quick
A: very small, no armour, no weapons or thrown items, stealth, claws 1, fangs 3,
see invisible, carnivore, speed 1, shaggy fur 1, slow metabolism 1, sharp paws
a: no special abilities


You were on level 2 of the Dungeon.
You were full.

You visited 1 branch of the dungeon, and saw 4 of its levels.

You collected 87 gold pieces.

Inventory:

Scrolls
 e - a scroll of enchant weapon {unknown}
 f - a scroll of noise {unknown}
 g - a scroll of remove curse {unknown}
Books
 a - a book of Air

   Spells                             Type                      Level
   a - Shock                          Conjuration/Air              1
   b - Swiftness                      Charms/Air                   2
   c - Static Discharge               Conjuration/Air              3
   d - Airstrike                      Air                          4
   e - Lightning Bolt                 Conjuration/Air              5
Comestibles
 b - 5 rations
 c - a chunk of flesh


   Skills:
 - Level 2.6 Dodging
 + Level 4.5 Stealth
 + Level 2.2 Unarmed Combat
 - Level 2.0 Spellcasting
 - Level 0.8 Conjurations
 - Level 2.6 Air Magic


You had 5 spell levels left.
You knew the following spells:

 Your Spells              Type           Power        Failure   Level  Hunger
a - Shock                 Conj/Air       ###.         1%          1    #......


Dungeon Overview and Level Annotations

Branches:
Dungeon (4/15)
 Temple: D:4-7

Altars:

Annotations:
D:4 Robin


Innate Abilities, Weirdness & Mutations

You cannot wear armour.
You are incapable of wielding weapons or throwing items.
Your paws allow you to move quietly. (Stealth)
You have sharp claws.
You have razor-sharp teeth.
You have supernaturally acute eyesight. (SInv)
You are carnivorous and can eat meat at any time.
You cover ground quickly.
You are covered in fur. (AC +1)
You have a slow metabolism.
Your sharp claws are effective at attacking unaware monsters.


Message History

You see here a club.
Found a sedimented green potion.
You pounce on the unaware helpless quokka!
You claw the quokka!
You kill the quokka!
Your magical contamination has completely faded away.
You see here a quokka corpse.
A leopard gecko comes into view.
You closely miss the leopard gecko. The leopard gecko barely misses you.
Casting: Shock
Confirm with . or Enter, or press ? or * to list all spells.
Aiming: Shock
Press: ? - help, Shift-Dir - straight line The zap misses the leopard gecko.
The zap hits the leopard gecko.
The leopard gecko is heavily wounded.
The leopard gecko misses you. x2
Casting: Shock
Confirm with . or Enter, or press ? or * to list all spells.
Aiming: Shock
Press: ? - help, Shift-Dir - straight line The zap hits the leopard gecko.
You kill the leopard gecko!
i - a sedimented green potion
Found an escape hatch in the ceiling.
Found a club.
There is an escape hatch in the ceiling here.
A mysterious force pulls you upwards. The hatch slams shut behind you.
You scratch the goblin but do no damage.
The goblin misses you.
Casting: Shock
Confirm with . or Enter, or press ? or * to list all spells.
Aiming: Shock
Press: ? - help, Shift-Dir - straight line The zap hits the goblin.
You kill the goblin!
An adder comes into view.
The adder hisses angrily.
Found 13 gold pieces.
Casting: Shock
Confirm with . or Enter, or press ? or * to list all spells.
Okay, then.
The adder bites you.
You are poisoned.
The adder poisons you!
Casting: Shock
Confirm with . or Enter, or press ? or * to list all spells.
Aiming: Shock
Press: ? - help, Shift-Dir - straight line The zap misses the adder.
The zap hits the adder.
The adder is lightly wounded.
You feel sick. The adder bites you.
* * * LOW HITPOINT WARNING * * *
You are more poisoned.
The adder poisons you!
Casting: Shock
Confirm with . or Enter, or press ? or * to list all spells.
Aiming: Shock
Press: ? - help, Shift-Dir - straight line The zap misses the adder.
The zap hits the adder.
The adder is moderately wounded.
* * * LOW HITPOINT WARNING * * *
You feel sick. The adder misses you.
Unknown command.
It was a potion of haste.
You feel yourself speed up. The adder completely misses you.
Casting: Shock
Confirm with . or Enter, or press ? or * to list all spells.
Aiming: Shock
Press: ? - help, Shift-Dir - straight line The zap hits the adder.
The adder is moderately wounded.
The zap hits the adder.
The adder is severely wounded.
* * * LOW HITPOINT WARNING * * *
You feel sick. The adder closely misses you.
Casting: Shock
Confirm with . or Enter, or press ? or * to list all spells.
Aiming: Shock
Press: ? - help, Shift-Dir - straight line The zap misses the adder.
The zap hits the adder.
You kill the adder!
It was a potion of brilliance.
You feel clever all of a sudden.
* * * LOW HITPOINT WARNING * * *
You feel sick.
It was a potion of berserk rage.
A red film seems to cover your vision as you go berserk!
You feel yourself moving faster!
You feel mighty!
You feel a strong urge to attack something.
* * * LOW HITPOINT WARNING * * *
You feel sick.
You feel your anger nearly subside.
You are no longer berserk.
You are exhausted.
You feel yourself slow down.
You aren't carrying any potions.
Unknown command.
* * * LOW HITPOINT WARNING * * *
You feel sick.
Are you sure you want to abandon this character and quit the game? (Confirm with "yes".)

....... +.........
###....## #.........
....$...# ##.......#
#.#####.....##
#.###...# ##...###
#.......# ##+#... #
#####...#####.#.##
....#######..##.....#.#
#....@.....##.....#.##
########..............
#............##
#...†........##
#.....####.#... #.....#
###### #######


There were no monsters in sight!

Vanquished Creatures
  2 adders (D:2)
  2 dart slugs
  3 leopard geckos
  2 orcs (D:3)
  2 giant cockroaches
  2 goblins
  4 hobgoblins
  A kobold (D:3)
  2 quokkas (D:3)
  A ball python (D:3)
  2 bats
  A frilled lizard (D:1)
  2 rats
26 creatures vanquished.

Notes
Turn   | Place    | Note
-------+----------+-------------------------------------------
     0 | D:1      | tidbits the Felid Air Elementalist began the quest for the Orb.
     0 | D:1      | Reached XP level 1. HP: 7/7 MP: 4/4
    56 | D:1      | Reached skill level 3 in Stealth
   160 | D:3      | Reached skill level 1 in Unarmed Combat
   201 | D:4      | Noticed Robin
   213 | D:3      | Reached XP level 2. HP: 11/11 MP: 6/6
   285 | D:4      | Noticed a scorpion
   417 | D:2      | Reached skill level 4 in Stealth
   427 | D:2      | Reached XP level 3. HP: 6/14 MP: 7/7
   571 | D:3      | Reached skill level 2 in Unarmed Combat
   667 | D:2      | HP: 2/21 [poisoned by an adder]
   672 | D:2      | Quit the game

Skill      XL: |  1  2  3 |
---------------+----------+-----
Stealth        | 3 4 |  4.5
Unarmed Combat | 1 2 |  2.2
Dodging        | |  2.6
Spellcasting   | |  2.0
Conjurations   | |  0.8
Air Magic      | |  2.6

Action                   || total
-------------------------++-------
Melee: Unarmed           ||    36
       Bite              ||     2
 Cast: Shock             ||    23
  Use: Potion            ||     4
 Stab: Sleeping          ||     8
  Eat: Chunk             ||     3
Armor: Skin              ||     3
Dodge: Dodged            ||    38

Table legend:
 A = Turns spent in this place as a percentage of turns spent in the entire game.
 B = Non-inter-level travel turns spent in this place as a percentage of non-inter-level travel turns spent in the entire game.
 C = Inter-level travel turns spent in this place as a percentage of turns spent in this place.
 D = Turns resting spent in this place as a percentage of non-inter-level travel turns spent in this place.
 E = Turns spent auto-exploring this place as a percentage of non-inter-level travel turns spent in this place.
 F = Non-inter-level travel turns spent in this place divided by the number of levels of this place that you've seen.
                   A       B       C       D       E      F
               +-------+-------+-------+-------+-------+----------------------
         Total | 100.0 | 100.0 |   0.0 |   0.0 |   0.0 | 168.0
       Dungeon | 100.0 | 100.0 |   0.0 |   0.0 |   0.0 | 168.0
               +-------+-------+-------+-------+-------+----------------------

Table legend:
 A = Kills in this place as a percentage of kills in entire the game.
 B = Kills by you in this place as a percentage of kills by you in the entire game.
 C = Kills by friends in this place as a percentage of kills by friends in the entire game.
 D = Other kills in this place as a percentage of other kills in the entire game.
 E = Experience gained in this place as a percentage of experience gained in the entire game.
 F = Experience gained in this place divided by the number of levels of this place that you have seen.
                   A       B       C       D       E      F
               +-------+-------+-------+-------+-------+----------------------
         Total | 100.0 | 100.0 |   N/A |   N/A | 100.0 |  19.2
       Dungeon | 100.0 | 100.0 |   N/A |   N/A | 100.0 |  19.2
               +-------+-------+-------+-------+-------+----------------------

Vault maps used:
D:1:      minmay_arrival_stone_box
D:2:      elyvilon_altar_4, old_standard_altar
D:3:      corexii_shack_village, lemuel_coloured_pillars_altar,
          solitary_fountain
D:4:      minmay_temple_entry_statues, first_ration, minmay_bent, uniq_robin
